 Dungeon Crawl Stone Soup version 0.22-a0-265-g0d8bc90 (webtiles) character file.

2185088 kuniqs the Slayer (level 26, 247/285 HPs)
             Began as a Deep Dwarf Fighter on Mar 6, 2018.
             Was the Champion of Makhleb.
             Escaped with the Orb
             ... and 3 runes on Mar 7, 2018!
             The game lasted 01:30:21 (42197 turns).

kuniqs the Slayer (Deep Dwarf Fighter)             Turns: 42197, Time: 01:30:22

Health: 247/285    AC: 43    Str: 34    XL:     26   Next: 24%
Magic:  15/15      EV: 28    Int:  6    God:    Makhleb [******]
Gold:   4979       SH: 32    Dex: 12    Spells: 25/25 levels left

rFire    + + .     SeeInvis +   i - +14 obsidian axe {chop, +Fly SInv *Curse} (curse)
rCold    + + .     Gourm    .   A - +2 large shield {reflect}
rNeg     + . .     Faith    .   X - +7 gold dragon scales
rPois    +         Spirit   .   B - +2 helmet of the Morning Star {rElec rF+ Str+3}
rElec    +         Reflect  +   h - +2 cloak {rPois}
rCorr    .         Harm     .   C - +0 pair of gloves
MR       ++++.                  P - +2 pair of boots {run}
Stlth    ..........             u - +5 amulet of reflection
HPRegen  0.00/turn              U - +6 ring of evasion
MPRegen  0.14/turn              H - +6 ring of evasion

@: non-regenerating, quick
A: damage resistance, heal wounds, blurry vision 1, cold resistance 1, dopey 2,
magic resistance 1, negative energy resistance 1, sense surroundings 3,
electricity resistance, MP-powered wands, no regeneration
0: Orb of Zot
}: 3/15 runes: barnacled, silver, gossamer
a: Heal Wounds, Minor Destruction, Lesser Servant of Makhleb, Major Destruction,
Greater Servant of Makhleb, Renounce Religion, Evoke Flight


You escaped.
You worshipped Makhleb.
Makhleb was exalted by your worship.
You were not hungry.

You visited 10 branches of the dungeon, and saw 50 of its levels.
You visited the Abyss 1 time.
You visited 1 bazaar.
You also visited: Trove, Sewer, Ice Cave and Volcano.

You collected 7028 gold pieces.
You spent 2049 gold pieces at shops.

Inventory:

Hand Weapons
 i - the cursed +14 obsidian axe (weapon) {chop, +Fly SInv *Curse}
   (You found it in a treasure trove)

   It inflicts extra damage upon your enemies.
   It lets you see invisible.
   It lets you fly.
   It curses itself when equipped.
   It has a curse placed upon it.
 z - a +9 broad axe of chopping
 E - the +6 broad axe of a wizard's laboratory {antimagic, +Inv rPois Str+3}
   (You took it off a vault sentinel on level 1 of the Vaults)

   It reduces the magical energy of the wielder, and disrupts the spells and
   magical abilities of those hit.
   Natural abilities and divine invocations are not affected.
   It affects your strength (+3).
   It protects you from poison.
   It lets you turn invisible.
Armour
 e - the +0 mask of the Dragon {MR+ Slay+3 SInv}
   (You found it on level 2 of the Realm of Zot)

   It affects your accuracy and damage with ranged weapons and melee attacks
   (+3).
   It affects your resistance to hostile enchantments.
   It lets you see invisible.
 h - a +2 cloak of poison resistance (worn)
 A - a +2 large shield of reflection (worn)
 B - the +2 helmet of the Morning Star (worn) {rElec rF+ Str+3}
   (You acquired it on level 14 of the Dungeon)

   It affects your strength (+3).
   It protects you from fire.
   It insulates you from electricity.
 C - a +0 pair of gloves (worn)
 P - a +2 pair of boots of running (worn)
 X - +7 gold dragon scales (worn)
Jewellery
 u - a +5 amulet of reflection (around neck)
 H - a +6 ring of evasion (right hand)
 M - an uncursed ring of protection from cold
 U - a +6 ring of evasion (left hand)
Wands
 c - a wand of digging (9)
 n - a wand of acid (25)
 x - a wand of paralysis (16)
 y - a wand of clouds (8)
 F - a wand of flame (8)
 K - a wand of iceblast (29)
 L - a wand of random effects (142)
 N - a wand of disintegration (8)
 O - a wand of polymorph (64)
 Q - a wand of scattershot (11)
 T - a wand of enslavement (5)
Scrolls
 a - 15 scrolls of teleportation
 l - 6 scrolls of fog
 m - 7 scrolls of blinking
 I - 10 scrolls of immolation
 J - 16 scrolls of identify {@r1}
 S - 14 scrolls of remove curse {@r2}
 W - a scroll of fear
Potions
 b - 2 potions of brilliance
 d - 10 potions of might
 g - 2 potions of cancellation
 j - 3 potions of ambrosia
 k - 4 potions of mutation
 o - 9 potions of heal wounds
 p - 7 potions of haste
 q - 7 potions of agility
 r - 3 potions of invisibility
 v - 8 potions of lignification
 w - 11 potions of curing {@q1}
 D - 7 potions of flight
 G - 3 potions of berserk rage
 V - a potion of resistance
Comestibles
 f - 64 rations


   Skills:
 + Level 26.3 Fighting
 - Level 18.0 Axes
 - Level 20.0 Armour
 - Level 20.0 Dodging
 - Level 20.0 Shields
 - Level 6.1 Invocations


You had 25 spell levels left.
You didn't know any spells.

Dungeon Overview and Level Annotations

Branches:
Dungeon (15/15)            Temple (1/1) D:6            Lair (6/6) D:8
 Shoals (4/4) Lair:4       Spider (4/4) Lair:2        Slime (0/5) Lair:6
    Orc (2/2) D:11            Elf (3/3) Orc:2        Vaults (5/5) D:13
  Crypt (0/3) Vaults:3     Depths (5/5) D:15            Zot (5/5) Depths:5

Altars:
Ashenzari
Cheibriados
Elyvilon
Fedhas
Gozag
Makhleb
Nemelex Xobeh
Okawaru
Qazlal
Ru
Sif Muna
Trog
Wu Jian
Xom
Zin
The Shining One
Beogh
Jiyva

Shops:
D:5 %   D:15 %   Orc:2 =[*(   Elf:1 !   Elf:2 }?=   Elf:3 (   Shoals:3 (?:
Shoals:4 :   Vaults:4 *   Vaults:5 !%!?!!%%

Portals:
Hell: Depths:5
Abyss: Depths:5

Annotations:
D:6 Grinder
D:11 1 runed door
Lair:5 1 exclusion
Lair:6 exclusion: oklob plant
Elf:2 3 runed doors


Innate Abilities, Weirdness & Mutations

You are resistant to damage.
You can heal yourself by infusing magical energy.
You resist negative energy. (rN+)
You passively map a large area around you.
You do not regenerate.
Scrolls take you a little longer to read.
Your flesh is cold resistant. (rC+)
You are very dopey. (Int -4)
You are resistant to hostile enchantments. (MR+)
You are resistant to electric shocks. (rElec)
You expend magic power (3 MP) to strengthen your wands.


Message History

You slash the tormentor! You slice the tormentor!!
You kill the tormentor!
Makhleb accepts your kill.
You feel better.
No target in view!
No target in view!
No target in view!
(D) Dungeon (T) Temple (L) Lair (A) Shoals (N) Spider Nest (M) Slime Pits (O) Orcish Mines (E) Elven Halls (V) Vaults (C) Crypt (U) Depths (H) Hell (Z) Zot
Where to? (Enter - D:1 @ (x,y), ? - help)
You see here 2 stones.
There is a staircase leading out of the dungeon here.
Wield which item (- for none, * to show all)? (? for menu, Esc to quit)
Your +14 obsidian axe {chop, +Fly SInv *Curse} glows black for a moment.
It sticks to your hand!
i - the cursed +14 obsidian axe (weapon)
{chop, +Fly SInv *Curse} You have escaped!

..#.(#.#..............# #.#.#
..#...(.(........#..### #.#.#
#.##.#....(.#.....#.# #.#.#
#.##.####...##..#...# #.#.#
#.##........#..#.#..#####.#.#
#.######......#...#.......#.#
#.##...#.#####.....#####..#.#
#.##...#[.#...........#...#.#
#.##...##..#....@....#....#.#
#.##...##..#.........#...##.#
#.##...#..#...........#..##.#
#.##.....#####.....#####.#..#
#.##..........#...#......#.##
............#..#.#...####..#
#.###...##.###..#.........##
#.# #...##.#
##...##.#.######## #.#
##.....#########.#........#


There were no monsters in sight!

Vanquished Creatures
  4 orbs of fire (Zot:5)
  Mara (Depths:2)
  A juggernaut (Depths:5)
  6 ancient liches
  Nikola (Elf:3)
  3 caustic shrikes (Depths:5)
  9 golden dragons
  4 Killer Klowns
  Arachne (Spider:2)
  2 pandemonium lords
  Jorgrun (Shoals:4)
  A Tzitzimitl (D:9)
  6 tentacled monstrosities
  An electric golem (Zot:5)
  24 Orb Guardians
  A Hell Sentinel (D:15)
  4 liches
  2 quicksilver dragons
  2 deep elf blademasters (Elf:3)
  5 titans
  Polyphemus (Shoals:3)
  5 sphinxes
  A deep elf master archer (Elf:3)
  2 death cobs (Zot:4)
  12 storm dragons
  8 shadow dragons
  3 tengu reavers
  Kirke (D:14)
  Ilsuiw (Shoals:4)
  5 fire giants
  Donald (Shoals:3)
  19 vault wardens
  7 deep elf sorcerers
  7 frost giants
  2 draconian knights
  6 emperor scorpions (Spider:4)
  8 ghost moths
  4 draconian scorchers
  8 deep elf elementalists
  3 spriggan defenders (Depths:5)
  Aizul (Depths:1)
  15 ironheart preservers
  2 draconian annihilators
  A ghoul (Vaults:5)
  A draconian shifter (Zot:2)
  14 very ugly things
  A stone giant (shapeshifter) (Vaults:5)
  2 vampire knights
  2 draconian stormcallers
  14 stone giants
  2 entropy weavers (Spider:4)
  9 deep elf demonologists
  2 green draconians
  4 red draconians
  7 deep elf annihilators
  7 white draconians
  4 black draconians
  2 spark wasps
  A purple draconian (Zot:4)
  A yellow draconian (Zot:4)
  6 deep elf death magi (Elf:3)
  4 fire dragons
  17 merfolk impalers
  2 merfolk javelineers
  A deep elf high priest (Depths:5)
  12 ettins
  12 yaktaur captains
  4 great orbs of eyes
  3 ice dragons
  2 rakshasas (Depths:3)
  The ghost of Thaneod the Cleaver, a journeyman DsBe of Trog (D:9)
  9 hydras
  3 spriggan air magi
  5 merfolk aquamancers
  2 merfolk avatars
  Erica (D:8)
  3 catoblepae
  40 vault guards
  46 two-headed ogres
  An anaconda (shapeshifter) (Vaults:1)
  18 dancing weapons
  17 ogre magi
  4 deep troll shamans
  3 satyrs
  5 death knights
  8 centaur warriors
  2 alligator snapping turtles
  2 deep troll earth magi
  4 death yaks (Shoals:3)
  A thrashing horror (Abyss:2)
  2 orc high priests
  Nergalle (D:11)
  5 spriggan berserkers
  Urug (Orc:2)
  A sun demon (D:13)
  Sonja (Lair:2)
  A sixfirhy (Depths:3)
  18 deep elf knights
  A shadow wraith (Vaults:5)
  13 hell knights
  12 sea snakes
  A storm dragon skeleton (Vaults:4)
  2 unseen horrors
  17 skeletal warriors
  25 deep trolls
  A flayed ghost (Vaults:5)
  3 glowing orange brains
  2 anaconda skeletons (Volcano)
  8 deep elf archers
  2 kraken simulacra (Shoals:4)
  5 wizards
  16 ironbrand convokers
  A lindwurm (Lair:6)
  A tengu zombie (Vaults:3)
  9 harpies
  3 phantasmal warriors
  5 necromancers
  The ghost of HEYYEYAAE the Caller, a novice DgSu (D:7)
  21 orc knights
  30 wolf spiders
  A fire giant zombie (Vaults:3)
  21 orb spiders
  A tengu skeleton (Vaults:3)
  A faun (shapeshifter) (Vaults:5)
  7 orc sorcerers
  29 ugly things
  10 manticores
  3 sphinx skeletons
  An oklob plant (Shoals:1)
  An elephant (Lair:5)
  41 deep elf magi
  An elephant (shapeshifter) (Vaults:2)
  9 cyclopes
  8 large abominations
  15 slime creatures
  15 moths of wrath
  13 fauns
  A fire giant skeleton (Vaults:4)
  16 vault sentinels
  A guardian serpent (shapeshifter) (Vaults:4)
  A water nymph (shapeshifter) (Vaults:3)
  11 merfolk sirens
  2 centaur zombies
  A frost giant skeleton (Vaults:3)
  A rust devil (D:7)
  7 water nymphs
  A naga mage (D:15)
  A torpor snail (Spider:2)
  29 spiny frogs
  8 gargoyles
  3 black mambas
  An eye of devastation (Vaults:1)
  A kobold demonologist (D:15)
  4 rime drakes
  12 demonic crawlers
  A tormentor (D:1)
  3 yaktaur skeletons
  12 komodo dragons
  56 yaktaurs
  An efreet (Abyss:2)
  8 freezing wraiths
  2 hellwings
  A red devil (Depths:5)
  A meliai (shapeshifter) (Vaults:5)
  A troll (shapeshifter) (Depths:5)
  29 merfolk
  9 wind drakes
  15 jumping spiders
  11 hornets
  9 trolls
  A polar bear (shapeshifter) (Vaults:4)
  19 polar bears
  A harpy skeleton (Volcano)
  5 tyrant leeches (Lair:6)
  3 raiju (Abyss:2)
  29 blink frogs
  8 dream sheep
  3 human simulacra
  10 hippogriffs
  12 snapping turtles
  3 flying skulls (Volcano)
  An ettin skeleton (Vaults:3)
  A redback (shapeshifter) (Vaults:3)
  2 shadows
  5 spriggans
  61 redbacks
  37 tarantellas
  An alligator skeleton (Volcano)
  2 elf zombies
  78 yaks
  8 water elementals
  3 wraiths (D:13)
  4 wyverns
  5 fire elementals (Elf:1)
  2 ynoxinuls
  A basilisk (shapeshifter) (Elf:2)
  A hog (shapeshifter) (Elf:3)
  2 humans (shapeshifter)
  A golden eye (shapeshifter) (Vaults:3)
  5 basilisks
  Eustachio (D:6)
  2 chaos spawn
  3 neqoxecs
  2 hungry ghosts
  10 vampire mosquitoes
  Menkaure (D:4)
  3 wargs
  Edmund (D:5)
  A soldier ant (D:12)
  6 acid dragons
  11 water moccasins
  7 porcupines
  A deep troll skeleton (Vaults:3)
  3 hell hounds (Depths:2)
  A meliai simulacrum (D:14)
  52 orc warriors
  12 ice beasts
  An eye of draining (D:14)
  3 sky beasts
  2 black bears
  11 small abominations
  A black bear (shapeshifter) (Vaults:4)
  4 human zombies
  5 boggarts
  47 ogres
  16 wolves
  An eye of draining (shapeshifter) (Vaults:5)
  A tengu (shapeshifter) (Vaults:5)
  5 phantoms
  A boggart (shapeshifter) (Vaults:1)
  22 centaurs
  A wolf (shapeshifter) (Vaults:1)
  8 crocodiles
  A big kobold (D:7)
  41 bullfrogs
  2 bullfrogs (shapeshifter) (Vaults:5)
  2 human skeletons
  A deep troll simulacrum (Vaults:2)
  A glowing shapeshifter simulacrum (Vaults:3)
  2 wyvern zombies (D:13)
  6 earth elementals
  3 scorpions
  A hornet simulacrum (Vaults:1)
  55 killer bees
  An elf simulacrum (Vaults:5)
  A spriggan skeleton (Volcano)
  12 wights
  2 electric eels
  3 troll skeletons (Volcano)
  2 howler monkeys
  11 crimson imps
  A quasit (D:14)
  2 bullfrog skeletons
  4 hounds
  A hound (shapeshifter) (Vaults:3)
  3 jellies
  26 orc wizards
  6 centaur skeletons
  28 orc priests
  A bullfrog zombie (D:5)
  A gnoll shaman (D:8)
  2 iguanas
  9 worker ants
  3 naga skeletons (Volcano)
  A gnoll (shapeshifter) (Vaults:5)
  12 gnolls
  15 adders
  A howler monkey skeleton (D:8)
  7 shadow imps
  An adder zombie (D:8)
  10 oozes
  3 worms
  A dart slug (D:2)
  13 leopard geckos
  127 orcs
  6 ball pythons (Sewer)
  14 bats
  12 giant cockroaches
  7 goblins
  6 hobgoblins
  A jackal (D:1)
  5 quokkas
  12 frilled lizards
  A jackal zombie (D:6)
  14 kobolds
  2 leopard gecko skeletons
  A rat (D:2)
  A crawling corpse (Elf:3)
  3 fungi
  8 plants
  A tentacle (Shoals:4)
2238 creatures vanquished.

Vanquished Creatures (collateral kills)
  A curse toe (Zot:5)
  A golden dragon (Zot:2)
  2 tentacled monstrosities
  Rupert (Lair:5)
  An Orb Guardian (Zot:5)
  3 quicksilver dragons
  A death cob (Zot:2)
  Gastronok (Lair:1)
  A storm dragon (Depths:5)
  A tengu reaver (Depths:5)
  2 shadow dragons (Zot:2)
  A ghost moth (Zot:2)
  An orc warlord (Orc:1)
  A deep elf sorcerer (Elf:3)
  A deep elf elementalist (Elf:3)
  A very ugly thing (Depths:2)
  A vampire knight (Depths:5)
  A deep elf annihilator (Depths:5)
  A black draconian (Zot:2)
  2 yellow draconians (Zot:4)
  A white draconian (Zot:2)
  Snorg (D:11)
  A fire dragon (Depths:1)
  An ogre mage (Depths:1)
  A great orb of eyes (Depths:5)
  A hydra (Lair:5)
  A spriggan air mage (Depths:5)
  A deep troll earth mage (Depths:5)
  An orange crystal statue (Zot:4)
  A harpy (shapeshifter) (Depths:2)
  A deep elf mage (Depths:5)
  An ugly thing (D:11)
  4 moths of wrath (Zot:2)
  2 elephants (Lair:5)
  A yaktaur (Depths:5)
  A komodo dragon (Lair:5)
  3 hornets
  2 jumping spiders (Spider:2)
  3 spriggans
  A yak (Lair:1)
  A swamp worm (shapeshifter) (Depths:2)
  A water moccasin (Lair:5)
  An ogre (Depths:1)
  A crocodile (Lair:1)
  3 killer bees (Lair:5)
  An orc (D:11)
  A quokka (D:11)
63 creatures vanquished.

Vanquished Creatures (others)
  A deep elf master archer (Elf:3)
  A stone giant (Vaults:5)
  A yaktaur captain (Vaults:5)
  2 merfolk aquamancers
  An ogre mage (Vaults:5)
  A deep elf knight (Elf:1)
  A shadow wraith (Vaults:3)
  A wizard (Vaults:3)
  A deep elf archer (Elf:1)
  A deep troll (Vaults:1)
  An orc knight (Vaults:1)
  A necromancer (Vaults:5)
  2 deep elf magi
  A cyclops (Vaults:1)
  11 yaktaurs
  A jumping spider (Spider:3)
  A merfolk (Shoals:2)
  A dream sheep (Shoals:3)
  A water elemental (Shoals:2)
  A fire bat (shapeshifter) (Vaults:5)
  A human (D:14)
  A floating eye (Vaults:1)
  An ogre (Vaults:5)
  A wolf (IceCv)
  3 centaurs
  An orc priest (D:11)
  An orc wizard (D:11)
  A white imp (Abyss:2)
  An orc (Orc:2)
  7 fungi
  51 plants
  9 tentacles (Shoals:4)
110 creatures vanquished.

Grand Total: 2411 creatures vanquished

Notes
Turn   | Place    | Note
-------+----------+-------------------------------------------
     0 | D:1      | kuniqs the Deep Dwarf Fighter began the quest for the Orb.
     0 | D:1      | Reached XP level 1. HP: 20/20 MP: 1/1
   140 | D:1      | Reached XP level 2. HP: 27/27 MP: 2/2
   526 | D:1      | Reached skill level 1 in Dodging
   571 | D:1      | Reached XP level 3. HP: 33/33 MP: 3/3
   820 | D:2      | Reached skill level 3 in Fighting
   919 | D:2      | Reached XP level 4. HP: 30/42 MP: 4/4
  1439 | D:3      | Found a glowing drain.
  1465 | Sewer    | Entered a sewer
  1478 | Sewer    | Reached XP level 5. HP: 38/49 MP: 5/5
  1726 | Sewer    | Reached XP level 6. HP: 57/57 MP: 6/6
  1806 | D:3      | Found a bloodstained altar of Trog.
  2812 | D:4      | Reached skill level 4 in Fighting
  2936 | D:4      | Reached skill level 5 in Shields
  2936 | D:4      | Reached XP level 7. HP: 58/64 MP: 6/6
  2942 | D:4      | Noticed Menkaure
  2957 | D:4      | Killed Menkaure
  2957 | D:4      | Reached skill level 5 in Armour
  3445 | D:5      | Entered Level 5 of the Dungeon
  3486 | D:5      | Noticed Edmund
  3501 | D:5      | Killed Edmund
  3634 | D:5      | Found Ythraeff's Food Shop.
  3858 | D:5      | Reached XP level 8. HP: 70/73 MP: 6/6
  3890 | D:5      | Reached skill level 5 in Axes
  3930 | D:5      | Found a shattered altar of Ashenzari.
  3930 | D:5      | Found a glowing golden altar of the Shining One.
  3930 | D:5      | Found an ornate altar of the Wu Jian Council.
  3930 | D:5      | Found a white marble altar of Elyvilon.
  3936 | D:5      | Found a burning altar of Makhleb.
  3936 | D:5      | Found a deep blue altar of Sif Muna.
  3952 | D:5      | Became a worshipper of Makhleb the Destroyer
  4158 | D:6      | Reached skill level 1 in Invocations
  4222 | D:6      | Reached skill level 5 in Fighting
  4244 | D:6      | Found a stormy altar of Qazlal.
  4431 | D:6      | Noticed Grinder
  4519 | D:7      | Reached skill level 5 in Dodging
  4554 | D:7      | Noticed HEYYEYAAE's ghost (novice DgSu)
  4575 | D:7      | Killed HEYYEYAAE's ghost
  4575 | D:7      | Gained mutation: You passively map the area around you. [Deep Dwarf growth]
  4575 | D:7      | Reached XP level 9. HP: 50/81 MP: 9/9
  4759 | D:7      | Reached * piety under Makhleb
  5202 | D:7      | Noticed a purple ugly thing
  5216 | D:7      | Killed a purple ugly thing
  5259 | D:7      | Noticed a four-headed hydra
  5282 | D:7      | Killed a four-headed hydra
  5282 | D:7      | Reached skill level 6 in Fighting
  5282 | D:7      | Reached skill level 5 in Invocations
  5324 | D:7      | Noticed a komodo dragon
  5340 | D:7      | Killed a komodo dragon
  5340 | D:7      | Reached XP level 10. HP: 39/91 MP: 7/9
  5536 | D:8      | Reached ** piety under Makhleb
  5610 | D:8      | Noticed Erica
  5628 | D:8      | Killed Erica
  5688 | D:8      | Found a staircase to the Lair.
  6027 | D:9      | Found a snail-covered altar of Cheibriados.
  6027 | D:9      | Noticed Thaneod's ghost (journeyman DsBe)
  6134 | D:9      | Killed Thaneod's ghost
  6134 | D:9      | Reached skill level 7 in Fighting
  6260 | D:9      | Reached XP level 11. HP: 91/100 MP: 8/8
  6276 | D:9      | Reached *** piety under Makhleb
  7061 | D:10     | Entered Level 10 of the Dungeon
  7247 | D:10     | Reached **** piety under Makhleb
  7497 | D:10     | Reached skill level 8 in Fighting
  8062 | D:11     | Noticed a two-headed ogre
  8077 | D:11     | Killed a two-headed ogre
  8109 | D:11     | Found a sparkling altar of Nemelex Xobeh.
  8145 | D:11     | Noticed a four-headed hydra
  8153 | D:11     | Killed a one-headed hydra
  8209 | D:11     | Found a staircase to the Orcish Mines.
  8210 | D:11     | Found a roughly hewn altar of Beogh.
  8316 | D:11     | Noticed Snorg
  8331 | D:11     | Killed Snorg
  8331 | D:11     | Reached skill level 10 in Armour
  8346 | D:11     | Found a glowing golden altar of the Shining One.
  8346 | D:11     | Found a runed door.
  8346 | D:11     | Noticed an angel
  8413 | D:11     | Noticed a green ugly thing
  8422 | D:11     | Killed a green ugly thing
  8555 | D:11     | Reached skill level 10 in Shields
  8625 | D:11     | Noticed Nergalle
  8627 | D:11     | Reached XP level 12. HP: 83/112 MP: 9/9
  8657 | D:11     | Killed Nergalle
  8657 | D:11     | Reached ***** piety under Makhleb
  9045 | D:6      | Noticed Eustachio
  9064 | D:6      | Killed Eustachio
  9151 | D:6      | Found a staircase to the Ecumenical Temple.
  9157 | Temple   | Entered the Ecumenical Temple
  9325 | Lair:1   | Entered Level 1 of the Lair of Beasts
  9329 | Lair:1   | Noticed a six-headed hydra
  9332 | Lair:1   | Noticed a five-headed hydra
  9354 | Lair:1   | Killed a one-headed hydra
  9360 | Lair:1   | Killed a one-headed hydra
  9422 | Lair:1   | Noticed Gastronok
  9440 | Lair:1   | Killed Gastronok
  9440 | Lair:1   | Reached skill level 10 in Axes
  9623 | Lair:1   | Reached skill level 9 in Fighting
 10085 | Lair:2   | Reached skill level 10 in Dodging
 10148 | Lair:2   | Noticed Sonja
 10157 | Lair:2   | Killed Sonja
 10225 | Lair:2   | Found a hole to the Spider Nest.
 10266 | Lair:2   | Identified a scroll of acquirement
 10290 | Lair:2   | Found a frozen archway.
 10337 | IceCv    | Entered an ice cave
 10437 | IceCv    | Reached XP level 13. HP: 119/121 MP: 8/8
 10700 | IceCv    | Noticed a frost giant
 10757 | IceCv    | Killed a frost giant
 10893 | Lair:2   | Reached skill level 10 in Fighting
 11432 | Lair:3   | Identified a +2 pair of boots of running (You found it on level 3 of the Lair of Beasts)
 12003 | Lair:4   | Reached ****** piety under Makhleb
 12015 | Lair:4   | Found a stormy altar of Qazlal.
 12134 | Lair:4   | Found a staircase to the Shoals.
 12792 | Lair:5   | Gained mutation: You resist negative energy. (rN+) [Deep Dwarf growth]
 12792 | Lair:5   | Reached XP level 14. HP: 133/133 MP: 7/7
 12937 | Lair:5   | Noticed Rupert
 12965 | Lair:5   | Killed Rupert
 13663 | Lair:6   | Entered Level 6 of the Lair of Beasts
 13728 | Lair:6   | Found a dark tunnel.
 13737 | Volcano  | Entered a volcano
 14190 | Lair:6   | Reached skill level 11 in Fighting
 14544 | Lair:6   | Found a blossoming altar of Fedhas.
 14873 | Lair:6   | Found a staircase to the Slime Pits.
 14873 | Lair:6   | Found a viscous altar of Jiyva.
 14909 | Lair:6   | Reached XP level 15. HP: 142/142 MP: 8/8
 15315 | Orc:1    | Entered Level 1 of the Orcish Mines
 15470 | Orc:1    | Found a burning altar of Makhleb.
 15585 | Orc:2    | Entered Level 2 of the Orcish Mines
 16216 | Orc:2    | Found a staircase to the Elven Halls.
 16497 | Orc:2    | Noticed an orc warlord
 16497 | Orc:2    | Noticed Urug
 16529 | Orc:1    | Killed an orc warlord
 16558 | Orc:2    | Killed Urug
 16611 | Orc:2    | Found a roughly hewn altar of Beogh.
 16634 | Orc:2    | Found Xuaryk's Antique Armour Emporium.
 16649 | Orc:2    | Found Gilugg's Antique Weapon Emporium.
 16673 | Orc:2    | Found Kaarup's General Store.
 16829 | Orc:2    | Found Cyzxue's Jewellery Emporium.
 16836 | Orc:2    | Bought a +3 ring of evasion for 315 gold pieces
 17939 | D:13     | Found a gate to the Vaults.
 17951 | D:13     | Reached skill level 12 in Fighting
 18850 | D:14     | Noticed Kirke
 18865 | D:14     | Killed Kirke
 18918 | D:14     | Found a portal to a secret trove of treasure.
 18977 | D:14     | Reached XP level 16. HP: 152/152 MP: 8/8
 19162 | D:14     | You fall through a shaft!
 19162 | D:15     | Entered Level 15 of the Dungeon
 19308 | D:15     | Found Olefrebe's Food Shoppe.
 19395 | D:15     | Found a shimmering altar of Xom.
 19878 | D:15     | Found a staircase to the Depths.
 20699 | Spider:1 | Entered Level 1 of the Spider Nest
 21706 | Spider:2 | Noticed Arachne
 21736 | Spider:2 | Killed Arachne
 22338 | Spider:3 | Reached skill level 15 in Armour
 22338 | Spider:3 | Reached skill level 15 in Shields
 22446 | Spider:3 | Reached skill level 13 in Fighting
 22772 | Spider:3 | Reached XP level 17. HP: 131/163 MP: 9/9
 22812 | Spider:3 | Identified the +1 scale mail of the Grey Skies {rC+ rN+} (You found it on level 3 of the Spider Nest)
 23199 | Spider:4 | Entered Level 4 of the Spider Nest
 23300 | Spider:4 | Reached skill level 15 in Axes
 23674 | Spider:4 | Reached skill level 15 in Dodging
 24152 | Spider:4 | Got a gossamer rune of Zot
 24605 | Shoals:1 | Entered Level 1 of the Shoals
 25950 | Shoals:3 | Found Qepoavot's Magic Scroll Emporium.
 25991 | Shoals:3 | Found Liel's Book Emporium.
 26011 | Shoals:3 | Gained mutation: You passively map a large area around you. [Deep Dwarf growth]
 26011 | Shoals:3 | Reached XP level 18. HP: 174/174 MP: 10/10
 26276 | Shoals:3 | Noticed Donald
 26286 | Shoals:3 | Killed Donald
 26327 | Shoals:3 | Found Mainer's Weapon Boutique.
 26464 | Shoals:4 | Entered Level 4 of the Shoals
 26464 | Shoals:4 | Found Ytiacren's Book Shoppe.
 26549 | Shoals:3 | Noticed Polyphemus
 26576 | Shoals:3 | Killed Polyphemus
 26790 | Shoals:4 | Reached skill level 14 in Fighting
 26990 | Shoals:4 | Noticed Ilsuiw
 27021 | Shoals:4 | Killed Ilsuiw
 27091 | Shoals:4 | Noticed Jorgrun
 27120 | Shoals:4 | Killed Jorgrun
 27380 | Shoals:4 | Got a barnacled rune of Zot
 28357 | Elf:1    | Entered Level 1 of the Elven Halls
 28668 | Elf:1    | Found Luvvul's Distillery.
 28811 | Elf:1    | Reached XP level 19. HP: 183/183 MP: 11/11
 28926 | Elf:1    | Cast into level 2 of the Abyss (a wizard)
 29244 | Abyss:2  | Found a corrupted altar of Lugonu.
 29261 | Elf:1    | Escaped the Abyss
 29315 | Elf:1    | Found the +4 moon troll leather armour {Spirit, Regen++ MP+5}
 29321 | Elf:1    | Got a slimy ivory amulet
 29326 | Elf:1    | Identified the amulet of Xatwor {Inacc rC+ Int+4} (You found it on level 1 of the Elven Halls)
 30273 | Elf:2    | Found a runed gate.
 30273 | Elf:2    | Found a runed gate.
 30280 | Elf:2    | Found a runed gate.
 30351 | Elf:2    | Found Catetuwo's Magic Scroll Boutique.
 30361 | Elf:2    | Found Xizximox's Gadget Boutique.
 30452 | Elf:2    | Found Jesupyh's Jewellery Boutique.
 30538 | Elf:3    | Entered Level 3 of the Elven Halls
 30721 | Elf:3    | Reached skill level 15 in Fighting
 30723 | Elf:3    | Noticed Nikola
 30776 | Elf:3    | Killed Nikola
 30893 | Elf:3    | Noticed a Tzitzimitl
 31001 | Elf:3    | Found the +7 sceptre of Torment
 31054 | Elf:3    | Reached XP level 20. HP: 163/194 MP: 12/12
 31303 | Elf:3    | Found Qioqe's Weapon Emporium.
 31354 | Elf:3    | Found a deep blue altar of Sif Muna.
 31427 | Elf:1    | Bought 2 potions of might for 80 gold pieces
 31427 | Elf:1    | Bought a potion of mutation for 80 gold pieces
 31427 | Elf:1    | Bought 2 potions of haste for 200 gold pieces
 31427 | Elf:1    | Bought a potion of heal wounds for 50 gold pieces
 31454 | Elf:2    | Bought a scroll of enchant armour for 135 gold pieces
 31542 | Orc:2    | Bought a potion of might for 52 gold pieces
 31694 | Vaults:1 | Entered Level 1 of the Vaults
 32369 | Vaults:1 | Paralysed by a floating eye for 3 turns
 32620 | Vaults:1 | Got a fine broad axe {antimagic}
 32643 | Vaults:1 | Identified the +6 broad axe of a wizard's laboratory {antimagic, +Inv rPois Str+3} (You took it off a vault sentinel on level 1 of the Vaults)
 33277 | Vaults:2 | Found a flickering gateway to a bazaar.
 33282 | Bazaar   | Entered a bazaar
 33282 | Bazaar   | Found Kuzeeqem's Distillery.
 33302 | Bazaar   | Found Sotzasi's Book Shoppe.
 33306 | Bazaar   | Found Dikkossu's Jewellery Shop.
 33319 | Bazaar   | Found Yrghem Fudof's Antique Weapon Shoppe.
 33362 | Bazaar   | Bought a potion of mutation for 120 gold pieces
 33385 | Bazaar   | Bought a +6 ring of evasion for 702 gold pieces
 34128 | Vaults:2 | Reached XP level 21. HP: 204/204 MP: 13/13
 34179 | Vaults:2 | Reached skill level 16 in Fighting
 34589 | Vaults:2 | Found the +3 crown of Dyrovepreva {rElec Int+2 SInv}
 35721 | Vaults:3 | Found a staircase to the Crypt.
 36130 | Vaults:4 | Identified the +6 double sword of Disaster {drain, rC+ MR+ Dex+2 SInv} (You found it on level 4 of the Vaults)
 36427 | Vaults:4 | Found Wuzeylu's General Store.
 36448 | Vaults:4 | Reached XP level 22. HP: 216/216 MP: 14/14
 36522 | Vaults:4 | Bought a scroll of enchant armour for 135 gold pieces
 36691 | Vaults:4 | Reached skill level 17 in Fighting
 37240 | Vaults:5 | Entered Level 5 of the Vaults
 37240 | Vaults:5 | Noticed an ancient lich
 37240 | Vaults:5 | Noticed an ancient lich
 37255 | Vaults:5 | Killed an ancient lich
 37274 | Vaults:5 | Killed an ancient lich
 37428 | Vaults:5 | Reached skill level 18 in Fighting
 37649 | Vaults:5 | Reached XP level 23. HP: 215/229 MP: 15/15
 37806 | Vaults:5 | Reached skill level 19 in Fighting
 37865 | Vaults:5 | Found Gonuelim's Magic Scroll Boutique.
 37865 | Vaults:5 | Found Aceczoto's Distillery.
 37875 | Vaults:5 | Found Liclu's Distillery.
 38137 | Vaults:5 | Reached skill level 20 in Fighting
 38172 | Vaults:5 | Got a silver rune of Zot
 38184 | Vaults:5 | Identified the +3 scale mail of the Moon {rCorr} (You found it on level 5 of the Vaults)
 38573 | Vaults:5 | Found Aganwuh's Distillery.
 38597 | Vaults:5 | Bought a potion of resistance for 180 gold pieces
 38604 | Vaults:5 | Found Natsuept's Food Shop.
 38612 | Vaults:5 | Found Yckonoc's Food Emporium.
 38665 | Vaults:5 | Found Sika's Distillery.
 38673 | Vaults:5 | Found Majiv's Food Boutique.
 39263 | D:14     | You paid a toll of +3 storm dragon scales to enter a treasure trove
 39264 | Trove    | Entered a treasure trove
 39276 | Trove    | Got a brightly glowing war axe
 39277 | Trove    | Identified the +5 war axe of the Butterfly {drain, *Noise rPois rN+++} (You found it in a treasure trove)
 39293 | Trove    | Found the +14 obsidian axe {chop, +Fly SInv *Curse}
 39318 | D:14     | Identified the +2 helmet of the Morning Star {rElec rF+ Str+3} (You acquired it on level 14 of the Dungeon)
 39364 | Depths:1 | Entered Level 1 of the Depths
 39381 | Depths:1 | Noticed Aizul
 39405 | Depths:1 | Killed Aizul
 39518 | Depths:2 | Noticed Mara
 39520 | Depths:2 | Noticed kuniqs's illusion
 39550 | Depths:2 | Killed Mara
 39848 | Depths:5 | Entered Level 5 of the Depths
 39848 | Depths:5 | Noticed a caustic shrike
 39848 | Depths:5 | Noticed a caustic shrike
 39848 | Depths:5 | Noticed a caustic shrike
 39854 | Depths:5 | Killed a caustic shrike
 39854 | Depths:5 | Reached skill level 21 in Fighting
 39864 | Depths:5 | Killed a caustic shrike
 39872 | Depths:5 | Killed a caustic shrike
 39872 | Depths:5 | Reached XP level 24. HP: 249/249 MP: 15/15
 39924 | Depths:5 | Found a one-way gate to the infinite horrors of the Abyss.
 39954 | Depths:5 | Noticed a juggernaut
 39969 | Depths:5 | Killed a juggernaut
 40038 | Depths:5 | Identified the +5 plate armour of Roinercheosm {rElec rF- rN+ Str+2} (You found it on level 5 of the Depths)
 40196 | Depths:5 | Found a gateway to Hell.
 40444 | Depths:5 | Reached skill level 22 in Fighting
 40486 | Depths:5 | Found a gate to the Realm of Zot.
 40560 | Zot:1    | Entered Level 1 of the Realm of Zot
 40654 | Zot:2    | Found a transporter.
 40682 | Zot:2    | Reached skill level 23 in Fighting
 40700 | Zot:2    | Found a transporter.
 40703 | Zot:2    | Found the +0 mask of the Dragon {MR+ Slay+3 SInv}
 40895 | Zot:3    | Reached XP level 25. HP: 265/265 MP: 15/15
 40961 | Zot:5    | Entered Level 5 of the Realm of Zot
 41022 | Zot:4    | Found a transporter.
 41030 | Zot:4    | Found a transporter.
 41095 | Zot:4    | Reached skill level 24 in Fighting
 41167 | Zot:5    | Noticed an ancient lich
 41186 | Zot:5    | Killed an ancient lich
 41214 | Zot:5    | Noticed an ancient lich
 41222 | Zot:5    | Noticed an ancient lich
 41223 | Zot:5    | Killed an ancient lich
 41239 | Zot:5    | Killed an ancient lich
 41295 | Zot:5    | Noticed an orb of fire
 41299 | Zot:5    | Gained mutation: You tend to lose your temper in combat. [an orb of fire]
 41303 | Zot:5    | Gained mutation: Armour fits poorly on your strangely shaped body. [an orb of fire]
 41309 | Zot:5    | Noticed an orb of fire
 41309 | Zot:5    | Gained mutation: You are dopey. (Int -2) [an orb of fire]
 41310 | Zot:5    | Gained mutation: You are very dopey. (Int -4) [an orb of fire]
 41311 | Zot:5    | Killed an orb of fire
 41312 | Zot:5    | Reached skill level 25 in Fighting
 41319 | Zot:5    | Gained mutation: You expend magic power (3 MP) to strengthen your wands. [an orb of fire]
 41333 | Zot:5    | Killed an orb of fire
 41391 | Zot:5    | Noticed an orb of fire
 41392 | Zot:5    | Noticed an ancient lich
 41405 | Zot:5    | Noticed an orb of fire
 41408 | Zot:5    | Killed an orb of fire
 41414 | Zot:5    | Killed an ancient lich
 41414 | Zot:5    | Reached XP level 26. HP: 261/284 MP: 15/15
 41423 | Zot:5    | Gained mutation: Your flesh is cold resistant. (rC+) [an orb of fire]
 41424 | Zot:5    | Killed an orb of fire
 41433 | Zot:5    | Lost mutation: Armour fits poorly on your strangely shaped body. [potion of mutation]
 41433 | Zot:5    | Gained mutation: You are resistant to electric shocks. (rElec) [potion of mutation]
 41433 | Zot:5    | Lost mutation: You tend to lose your temper in combat. [potion of mutation]
 41433 | Zot:5    | Gained mutation: You are resistant to hostile enchantments. (MR+) [potion of mutation]
 41437 | Zot:5    | Got the Orb of Zot
 41503 | Zot:5    | Noticed Fuyrghon the pandemonium lord
 41810 | D:15     | Reached skill level 26 in Fighting
 41847 | D:13     | Noticed Uqequps the pandemonium lord
 41861 | D:13     | Killed Uqequps the pandemonium lord
 41937 | D:9      | Noticed Osutej Reicw the pandemonium lord
 41956 | D:9      | Killed Osutej Reicw the pandemonium lord
 41986 | D:9      | Gained mutation: Scrolls take you a little longer to read. [a neqoxec]
 42197 | D:$      | Escaped with the Orb!

Vault maps used:
D:1:      scummos_arrival_star, minmay_tromino_mix6
D:3:      bloody_trog, cheibrodos_sewer_entry_sluice
D:4:      first_ration, uniq_menkaure
D:5:      minmay_overflow_temple_hex, serial_shops, shop, uniq_edmund
D:6:      nicolae_qazlal_eye_of_the_storm, temple_statues, uniq_eustachio,
          uniq_grinder
D:7:      the_bakery, minmay_three_doors
D:8:      dpeg_oklobed_lair, kennysheep_boxes, uniq_erica
D:9:      special_room, cheibriados_altar_1
D:11:     david_orc_5, basic_altar, lemuel_angel_altar, uniq_snorg,
          uniq_nergalle
D:13:     grunt_vaults_entry_fortified, st_stairs_5
D:14:     nicolae_two_hexagons, nicolae_trove_entry_crystal, uniq_kirke
D:15:     grunt_enter_depths_magical_seal, serial_shops, shop_coins, basic_altar
Temple:   eino_temple_lava
Lair:1:   st_stairs_8, guppyfry_lair_drakes, grunt_megastairs_5, uniq_gastronok
Lair:2:   dummy_spider_entry, portal_ice_cave_entry_ice_beasts,
          small_statue_intersection, uniq_sonja
Lair:3:   beast_lair_carwin_7, lemuel_fruit_tree, grunt_megastairs_3
Lair:4:   shoals_dummy_entry, basic_altar
Lair:5:   wad_woods_minihive, kennysheep_catoblepas_arena,
          infiniplex_staircase_pool, uniq_rupert
Lair:6:   minmay_lair_end_frog_pond, slime_altar_1,
          lightli_volcano_entry_magma_tube, tgw_fedhas
Shoals:1: dpeg_stationary_puzzle
Shoals:3: serial_shops, nicolae_shop_competitors_out_of_business, shop, shop,
          uniq_polyphemus, uniq_donald
Shoals:4: shoals_end_grunt_ice, shoals_ilsuiw_alternative, serial_shops,
          nicolae_shop_statue_plus, uniq_ilsuiw, uniq_jorgrun
Spider:2: uniq_arachne
Spider:3: nicolae_orb_island
Spider:4: grunt_spider_rune_circles
Orc:1:    basic_altar
Orc:2:    grunt_orc_cross, mines_bat_river
Elf:1:    elf_arrival_002, evilmike_minifort, minivault_11, minivault_19,
          st_stairs_10, hangedman_elf_power_crystal, minmay_shop_grid_forest,
          minmay_strange_pillars, spider_trap, laboratory
Elf:2:    serial_shops, shop, nicolae_shop_crystal, shop
Elf:3:    grunt_elf_hall_spiral, basic_altar, serial_shops,
          nicolae_shop_statue_plus, uniq_nikola
Vaults:1: st_greater_box_3, nicolae_vaults_three_branches, v_rooms_5,
          vaults_dpeg_diagonal, v_pattern_5,
          nicolae_vaults_windows_and_doors_thing, vaults_mumra_chevron,
          hangedman_vaults_pinch, ontoclasm_vaults_eye
Vaults:2: nicolae_vaults_network_s, v_misc_10, vaults_dpeg_ring,
          ontoclasm_vaults_hangar, hangedman_vaults_capsules, v_pattern_3,
          vaults_room_hallway, hangedman_vaults_restitches, serial_shops,
          freezing_bzr
Vaults:3: minmay_crypt_entry_skeletal_spiral, nicolae_vaults_rhombus_7,
          nicolae_vaults_diagonal_hallway_7, nicolae_vaults_network_star,
          v_misc_24, v_misc_13, ontoclasm_vaults_twist, vaults_room_door_hall,
          v_misc_28, nicolae_vaults_c_with_doors, hangedman_vaults_slither,
          vaults_standard_mumra_x, v_misc_18, ontoclasm_vaults_tryst,
          vaults_room_ringed_pool
Vaults:4: nicolae_vaults_alarming, v_rooms_3, ontoclasm_vaults_spin,
          nicolae_vaults_what_the_h, nicolae_vaults_little_ls,
          vaults_room_fours, vaults_mumra_hex, nicolae_vaults_quartermaster,
          serial_shops, nicolae_shop_waterfront
Depths:1: hangedman_decor_opposing, hell_entry, hangedman_decor_riveting,
          evilmike_ruin_ashenzari, uniq_aizul, uniq_enchantress, uniq_saint_roka
Depths:2: minmay_octagon_city, bh_walls_and_bars, pf_hell_entry_tar_spiral,
          infiniplex_staircase_squiggle, uniq_mara
Depths:3: grunt_crosshair, enter_ziggurat_b, grunt_pan_entry_spiral, hell_entry,
          serial_bayou_pond_c, minmay_staircase_bubble, uniq_jory
Depths:4: wad_cavern_with_rooms, pf_dread_powers_of_hell, abyss_entry_crystal,
          minmay_misc_feat_rows, minivault_15
Depths:5: grunt_runaround, abyss_entry, hell_entry
Zot:1:    grunt_megastairs_2
Zot:2:    chequers_guarded_unrand_mask_of_the_dragon
Zot:4:    gammafunk_sealed_arena, hangedman_spider_trapstep
Bazaar:   bazaar_kb_twisted_cavern
Trove:    trove_weapons_four_rooms
Sewer:    sewer_frog_island_02
IceCv:    ice_cave_caverns_03
Volcano:  volcano_tomb

Skill      XL: |  1  2  3  4  5  6  7  8  9 10 11 12 13 14 15 16 17 18 19 20 21 22 23 24 25 26 |
---------------+-------------------------------------------------------------------------------+-----
Dodging        | 1 2 3 4 5 6 7 9 10 11 12 13 14 15 16 17 18 19 20 | 20.0
Fighting       | 3 4 5 6 7 8 9 10 11 12 13 14 15 16 18 21 23 25 26 | 26.3
Axes           | 3 4 6 7 8 9 10 11 12 13 14 15 16 17 18 | 18.0
Shields        | 4 5 6 7 8 10 11 12 13 14 15 16 17 18 19 20 | 20.0
Armour         | 4 5 6 7 8 10 11 12 13 14 15 16 17 18 19 20 | 20.0
Invocations    | 3 5 6 |  6.1

Action                   |  1- 3 |  4- 6 |  7- 9 | 10-12 | 13-15 | 16-18 | 19-21 | 22-24 | 25-27 || total
-------------------------+-------+-------+-------+-------+-------+-------+-------+-------+-------++-------
Melee: War axe           |    89 |   202 |   264 |  1022 |  1491 |       |       |       |       ||  3068
       Dagger            |       |    69 |    30 |       |       |       |       |       |       ||    99
       Flail             |       |       |    20 |       |       |       |       |       |       ||    20
       Scimitar          |       |       |       |    22 |    40 |       |       |       |       ||    62
       Broad axe         |       |       |       |       |   592 |  2229 |  1938 |  1215 |   402 ||  6376
Throw: Throwing net      |       |       |     1 |     2 |       |       |       |       |       ||     3
Invok: Lesser Servant of |       |       |       |     5 |     3 |     2 |     3 |       |       ||    13
 Abil: Heal Wounds       |     1 |     4 |     8 |    31 |     9 |       |     1 |       |       ||    54
Evoke: Wand              |       |       |     1 |     5 |     4 |    26 |       |     2 |     1 ||    39
  Use: Scroll            |       |       |    10 |    14 |     5 |    15 |     8 |    24 |     5 ||    81
       Potion            |       |       |     4 |       |       |     3 |     1 |       |     5 ||    13
 Stab: Paralysed         |       |       |     6 |     4 |       |       |       |       |       ||    10
       Distracted        |       |       |       |     1 |     1 |       |     3 |     9 |     1 ||    15
       Petrified         |       |       |       |       |       |       |     4 |       |       ||     4
  Eat: Chunk             |       |     8 |     8 |    18 |    31 |    36 |    17 |    10 |       ||   128
       Ration            |       |       |       |     1 |       |       |     4 |     3 |       ||     8
Armor: Scale mail        |    25 |       |       |       |       |       |       |       |       ||    25
       Chain mail        |    25 |   149 |   151 |   134 |       |       |       |       |       ||   459
       Plate armour      |       |       |       |   376 |   985 |   691 |   320 |   164 |       ||  2536
       Gold dragon scale |       |       |       |       |       |       |       |   106 |    49 ||   155
Dodge: Dodged            |    32 |    80 |   105 |   410 |   725 |  1106 |   554 |   702 |   118 ||  3832
Block: Shield            |    62 |   153 |   190 |   606 |       |       |       |       |       ||  1011
       Large shield      |       |       |       |   204 |  2303 |  2668 |  1786 |  1614 |   321 ||  8896
       Reflection        |       |       |       |       |       |   105 |   101 |    73 |       ||   279
       Rpst.: Scimitar   |       |       |       |     8 |    10 |       |       |       |       ||    18

Table legend:
 A = Spawn XP
 B = Non-spawn XP
 C = Spawn XP percentage of total XP
 D = Spawn monster count
 E = Non-spawn monster count
 F = Spawn count percentage of total count
 G = Total turns spent on level
                    A         B        C        D         E        F      G
               +---------+---------+-------+---------+---------+-------+---------
         Total |    6444 | 1320251 |   0.5 |      12 |    2286 |   0.5 | 42197
               +---------+---------+-------+---------+---------+-------+---------
           D:1 |       0 |      41 |   0.0 |       0 |      17 |   0.0 |   781
           D:2 |       0 |     129 |   0.0 |       0 |      27 |   0.0 |   706
           D:3 |       0 |     143 |   0.0 |       0 |      19 |   0.0 |  1040
           D:4 |       0 |     472 |   0.0 |       0 |      16 |   0.0 |   738
           D:5 |       0 |     489 |   0.0 |       0 |      13 |   0.0 |   695
           D:6 |       0 |     933 |   0.0 |       0 |      22 |   0.0 |   743
           D:7 |       0 |    3585 |   0.0 |       0 |      35 |   0.0 |   966
           D:8 |       0 |    3008 |   0.0 |       0 |      36 |   0.0 |   658
           D:9 |       0 |    4967 |   0.0 |       0 |      53 |   0.0 |  1244
          D:10 |       0 |    4002 |   0.0 |       0 |      33 |   0.0 |  1177
          D:11 |       0 |    5083 |   0.0 |       0 |      45 |   0.0 |   937
          D:12 |       0 |    3827 |   0.0 |       0 |      16 |   0.0 |   550
          D:13 |       0 |   15628 |   0.0 |       0 |      50 |   0.0 |  1240
          D:14 |       0 |   20375 |   0.0 |       0 |      60 |   0.0 |  1140
          D:15 |       0 |   16482 |   0.0 |       0 |      36 |   0.0 |  1112
        Lair:1 |       0 |    6668 |   0.0 |       0 |      17 |   0.0 |   787
        Lair:2 |       0 |    8159 |   0.0 |       0 |      33 |   0.0 |   665
        Lair:3 |       0 |    8434 |   0.0 |       0 |      31 |   0.0 |   898
        Lair:4 |       0 |    6305 |   0.0 |       0 |      30 |   0.0 |   832
        Lair:5 |       0 |   11911 |   0.0 |       0 |      74 |   0.0 |  1048
        Lair:6 |       0 |   21555 |   0.0 |       0 |      83 |   0.0 |   977
      Shoals:1 |       0 |   11379 |   0.0 |       0 |      23 |   0.0 |   635
      Shoals:2 |       0 |   11556 |   0.0 |       0 |      25 |   0.0 |   676
      Shoals:3 |       0 |   22084 |   0.0 |       0 |      36 |   0.0 |   795
      Shoals:4 |       0 |   54097 |   0.0 |       0 |      84 |   0.0 |  1412
      Spider:1 |       0 |   18300 |   0.0 |       0 |      52 |   0.0 |  1001
      Spider:2 |       0 |   10849 |   0.0 |       0 |      24 |   0.0 |   646
      Spider:3 |       0 |   15037 |   0.0 |       0 |      40 |   0.0 |   942
      Spider:4 |       0 |   42693 |   0.0 |       0 |      81 |   0.0 |  1256
         Orc:1 |       0 |    8684 |   0.0 |       0 |      57 |   0.0 |   648
         Orc:2 |       0 |    7213 |   0.0 |       0 |      58 |   0.0 |  1157
         Elf:1 |       0 |   30355 |   0.0 |       0 |      56 |   0.0 |  1340
         Elf:2 |       0 |   15631 |   0.0 |       0 |      25 |   0.0 |   621
         Elf:3 |       0 |   63427 |   0.0 |       0 |      53 |   0.0 |   862
      Vaults:1 |       0 |   89934 |   0.0 |       0 |     138 |   0.0 |  1622
      Vaults:2 |       0 |   33323 |   0.0 |       0 |      62 |   0.0 |  1370
      Vaults:3 |       0 |   70252 |   0.0 |       0 |     110 |   0.0 |  1420
      Vaults:4 |       0 |   77157 |   0.0 |       0 |     110 |   0.0 |  1264
      Vaults:5 |       0 |  178673 |   0.0 |       0 |     154 |   0.0 |  1543
      Depths:1 |       0 |   11320 |   0.0 |       0 |      22 |   0.0 |   101
      Depths:2 |       0 |   26320 |   0.0 |       0 |      25 |   0.0 |   222
      Depths:3 |       0 |    5422 |   0.0 |       0 |       6 |   0.0 |   148
      Depths:4 |       0 |    4121 |   0.0 |       0 |       4 |   0.0 |    95
      Depths:5 |       0 |   89336 |   0.0 |       0 |      69 |   0.0 |   833
         Zot:1 |       0 |    2425 |   0.0 |       0 |       2 |   0.0 |    65
         Zot:2 |       0 |   69256 |   0.0 |       0 |      42 |   0.0 |   265
         Zot:3 |       0 |    8448 |   0.0 |       0 |       5 |   0.0 |    72
         Zot:4 |       0 |   27904 |   0.0 |       0 |      20 |   0.0 |   205
         Zot:5 |       0 |  152877 |   0.0 |       0 |      45 |   0.0 |   404
       Abyss:2 |    6444 |    2095 |  75.5 |      12 |       4 |  75.0 |   335
         Sewer |       0 |     326 |   0.0 |       0 |      42 |   0.0 |   299
         IceCv |       0 |   11213 |   0.0 |       0 |      45 |   0.0 |   481
       Volcano |       0 |    6348 |   0.0 |       0 |      21 |   0.0 |   362
               +---------+---------+-------+---------+---------+-------+---------
